 Dungeon Crawl Stone Soup version 0.18.1-6-gd335043 (webtiles) character file.

89 mopl the Chopper (level 4, 0/39 HPs)
             Began as a Hill Orc Fighter on May 17, 2016.
             Was an Initiate of Yredelemnul.
             Succumbed to a gnoll's poison
             ... while paralysed by a gnoll
             ... on level 2 of the Dungeon.
             The game lasted 00:02:20 (1595 turns).

mopl the Chopper (Hill Orc Fighter)                 Turns: 1595, Time: 00:02:20

Health: 0/39       AC:  6    Str: 18    XL:     4   Next: 55%
Magic:  4/4        EV:  2    Int:  8    God:    Yredelemnul [......]
Gold:   51         SH:  0    Dex: 11    Spells: 0 memorised, 3 levels left

rFire  . . .     SeeInvis .     a - +0 war axe
rCold  . . .     Gourm    .     b - +0 scale mail
rNeg   . . .     Faith    .     c - +0 shield
rPois  .         Spirit   .     (no helmet)
rElec  .         Dismiss  .     (no cloak)
rCorr  .         Reflect  .     (no gloves)
SustAt .         Harm     .     (no boots)
MR     .....                    (no amulet)
Stlth  ..........               (no ring)
                                (no ring)

@: paralysed, lethally poisoned (0 -> -10), drained, not resistant to hostile
enchantments, extremely unstealthy
A: no striking features
a: Renounce Religion


You were on level 2 of the Dungeon.
You worshipped Yredelemnul.
Yredelemnul was noncommittal.
You were not hungry.

You visited 1 branch of the dungeon, and saw 2 of its levels.

You collected 51 gold pieces.

Inventory:

Hand Weapons
 a - a +0 war axe (weapon)
Armour
 b - a +0 scale mail (worn)
 c - a +0 shield (worn)
Scrolls
 e - a scroll of magic mapping {unknown}
 i - a scroll of identify {unknown}
 j - a scroll of noise {unknown}
 l - a scroll of recharging {unknown}
 m - a scroll of remove curse {unknown}
Potions
 d - a potion of might
 g - 2 potions of curing {unknown}
Comestibles
 f - 2 bread rations
 h - a chunk of flesh
 k - a meat ration


   Skills:
 - Level 3.6(3.1) Fighting
 + Level 6.1(5.7) Axes
 - Level 3.2(2.8) Armour
 - Level 3.2(2.8) Shields


You had 3 spell levels left.
You didn't know any spells.

Dungeon Overview and Level Annotations

Branches:
Dungeon (2/15)

Altars:
Yredelemnul


Message History

You block the gnoll's attack.
Your shield prevents you from hitting the gnoll.
The gnoll is lightly wounded.
You block the gnoll's attack.
You hit the gnoll but do no damage.
The gnoll is lightly wounded.
You block the gnoll's attack.
You closely miss the gnoll.
The gnoll is lightly wounded.
You block the gnoll's attack.
You hit the gnoll but do no damage.
The gnoll is lightly wounded.
The gnoll hits you with a club of chaos.
* * * LOW HITPOINT WARNING * * *
x2 The gnoll hits you but does no damage.
You suddenly lose the ability to move!
The gnoll hits you with a club of chaos.
* * * LOW HITPOINT WARNING * * *
You are lethally poisoned!
You die...
Your body rises from the dead as a mindless zombie.

###.#.# #.# ##. #≈ ##
###.).### #.# #.##≈ .#.
........###.## #≈≈$ ≈...
###..##......# #####.###..#
#..#######.# #..#≈.≈##≈#.
#..# ##_### #..#≈#.≈#...
###..####.#### #..))#.#
....<.##.##..# #g##..⌠.⌠..#
.##...##.#.#.###@##.#...≈##
#.(..##.##.#....#....#..⌠
#..######.##....#.#....≈.
#..# ###.#.###..##≈..≈...
.##..###..##.##...##⌠ ≈.#.≈
.......#.##..##...### #^.≈.
###.(.####.###......##
##.....###.##........#
#...........†........#


You could see a gnoll.

Vanquished Creatures
  An adder (D:2)
  An ooze (D:2)
  A worm (D:2)
  A dart slug (D:1)
  A giant gecko (D:1)
  4 orcs (D:2)
  A ball python (D:2)
  8 bats
  2 giant cockroaches (D:2)
  6 goblins
  6 hobgoblins
  10 jackals (D:1)
  A giant newt (D:1)
  13 kobolds
  4 rats
60 creatures vanquished.

Notes
Turn   | Place    | Note
--------------------------------------------------------------
     0 | D:1      | mopl the Hill Orc Fighter began the quest for the Orb.
     0 | D:1      | Reached XP level 1. HP: 19/19 MP: 1/1
     3 | D:1      | Noticed an electric eel
     3 | D:1      | Noticed an electric eel
    36 | D:1      | Reached skill level 3 in Axes
    44 | D:1      | Reached XP level 2. HP: 10/26 MP: 2/2
    48 | D:1      | HP: 1/26 [giant gecko (3)]
   386 | D:1      | Reached skill level 4 in Axes
   700 | D:1      | Reached XP level 3. HP: 30/31 MP: 3/3
  1100 | D:1      | Reached skill level 5 in Axes
  1249 | D:2      | Reached XP level 4. HP: 35/39 MP: 4/4
  1434 | D:2      | Found a basalt altar of Yredelemnul.
  1508 | D:2      | Became a worshipper of Yredelemnul the Dark
  1537 | D:2      | Reached skill level 6 in Axes
  1593 | D:2      | Paralysed by a gnoll for 7 turns
  1594 | D:2      | HP: 1/39 [gnoll/club of chaos (6)]
  1595 | D:2      | Succumbed to a gnoll's poison

Skill      XL: |  1  2  3  4 |
---------------+-------------+-----
Axes           | 3 4 5 6 |  6.1
Fighting       | |  3.6
Armour         | |  3.2
Shields        | |  3.2

Action                   |  1- 3 |  4- 6 || total
-------------------------+-------+-------++-------
Melee: War axe           |   125 |    50 ||   175
  Eat: Chunk             |     1 |     2 ||     3
Armor: Scale mail        |    73 |    29 ||   102
Dodge: Dodged            |    48 |    11 ||    59
Block: Shield            |    80 |    43 ||   123
